 Dungeon Crawl Stone Soup version 0.29-a0-870-g2c972031a6 (webtiles) character file.

Game seed: 9588498145208572803

2 zeratav the Stinger (level 1, -1/11 HPs)
             Began as an Octopode Venom Mage on July 18, 2022.
             Slain by a frilled lizard (2 damage)
             ... on level 1 of the Dungeon.
             The game lasted 00:00:10 (302 turns).

zeratav the Stinger (Octopode Venom Mage)            Turns: 302, Time: 00:00:10

Health: -1/11      AC:  1    Str:  7    XL:     1   Next: 30%
Magic:  3/3        EV: 13    Int: 17    God:
Gold:   0          SH:  0    Dex: 12    Spells: 3/4 levels left

rFire   . . .      SeeInvis .   b - +0 whip {mace}
rCold   . . .      Faith    .   (no shield)
rNeg    . . .      Spirit   .   (helmet restricted)
rPois   .          Reflect  .   (no amulet)
rElec   .          Harm     .   (no ring)
rCorr   .          Rampage  .   (no ring)
Will    .....                   (no ring)
Stlth   +++.......              (no ring)
HPRegen 0.03/turn               (no ring)
MPRegen 0.08/turn               (no ring)
                                (no ring)
                                (no ring)

@: no status effects
A: almost no armour, amphibious, 8 rings, camouflage 1, gelatinous body 1,
(nimble swimmer 1), tentacles
a: no special abilities


You were on level 1 of the Dungeon.
You visited 1 branch of the dungeon, and saw 1 of its levels.


Innate Abilities, Weirdness & Mutations

You cannot wear most types of armour.
You are amphibious.
You can wear up to eight rings at the same time.
Your skin changes colour to match your surroundings (Stealth+).
Your rubbery body absorbs attacks. (AC +1, EV +1)
((You are camouflaged when in or above water. (Stealth+)))
You have tentacles for arms and can constrict up to eight enemies at once.


   Skills:
 - Level 2.0 Dodging
 + Level 2.8 Stealth
 - Level 2.0 Spellcasting
 - Level 1.0 Transmutations
 + Level 3.7 Poison Magic


You had 3 spell levels left.
You knew the following spells:

 Your Spells              Type           Power      Damage    Failure   Level
a - Sting                 Tmut/Pois      36%        1d4       8%          1

Your spell library contained the following spells:

 Spells                   Type           Power      Damage    Failure   Level
 Poisonous Vapours        Pois/Air       16%        N/A       14%         2
 Mephitic Cloud           Conj/Pois/Air  5%         N/A       34%         3
 Olgreb's Toxic Radiance  Pois           14%        N/A       38%         4

Inventory:

Hand Weapons
 b - a +0 whip (weapon) {mace}
   (You took it off a kobold on level 1 of the Dungeon)
Potions
 a - a potion of magic

Dungeon Overview and Level Annotations

Branches:
Dungeon (1/15) Zot: 5697

Altars:

##.# #.###### #...÷..#
## ######.# .# #####.##
.# #......# #.# #).##..#
##..#
###...#..########...####
................@l.....+
###......########B..####
#..###.# #g....#
#^.....# #.....#
##.##### #.....# #.#
#.....# #.# #.....# #.#
###.### #.# .#


You could see a giant cockroach, a goblin and a frilled lizard.


Message History

🤖 Initializing magus.rc ...
Bad channel name for runrest: 'pray:' ✅ Successfully initialized magus.rc [v1.9.6] Welcome, zeratav the Octopode Venom Mage.
A smirking vizier told you that the Orb of Zot is just within this dungeon.
Press ? for a list of commands and other information.
Found a staircase leading out of the dungeon.
You open the door.
There is an open door here.
A kobold comes into view. It is wielding a +0 whip.
The kobold shouts!
You closely miss the kobold. You grab the kobold.
You constrict the kobold, but do no damage.
The kobold hits you with a +0 whip.
HP[-4]
You take 4 damage, and now have 7/11 hp.
MASSIVE DAMAGE!! (PAUSE)
You tentacle-slap the kobold but do no damage.
You constrict the kobold. The kobold hits you with a +0 whip.
* * * LOW HITPOINT WARNING * * *
HP[-3]
You take 3 damage, and now have 4/11 hp.
MASSIVE DAMAGE!! (PAUSE)
You are too injured to fight recklessly!
You are too injured to fight recklessly!
You are too injured to fight recklessly!
Casting: Sting (safe; 8% risk of failure)
Confirm with . or Enter, or press ? or * to list all spells.
Aiming: Sting (safe; 8% risk of failure)
Press: ? - help, Shift-Dir - straight line, f - kobold
Aim: a kobold, wielding a +0 whip (severely wounded, constricted by you, 97% to hit)
The sting hits the kobold.
The kobold is poisoned.
You kill the kobold!
MP[-1]
You lost 1 mp, and now have 2/3 mp.
b - a +0 whip {mace} You see here a kobold skeleton.
HP[+7] MP[+1]
Your hp is fully restored (11).
Your mp is fully restored (3).
b - a +0 whip (weapon)
{mace} A bat comes into view.
A giant cockroach comes into view.
The bat barely misses you.
You hit the bat.
You kill the bat!
A frilled lizard comes into view.
A goblin comes into view. It is wielding a +0 dagger.
The goblin shouts!
You hit the goblin. Your grab misses the goblin. The giant cockroach bites you.
The goblin closely misses you. The giant cockroach closely misses you.
HP[-2]
You take 2 damage, and now have 9/11 hp.
You barely miss the goblin. Your grab misses the goblin. The goblin misses you.
The giant cockroach bites you.
You hit the goblin but do no damage. Your grab misses the goblin.
The frilled lizard barely misses you.
The giant cockroach bites you but does no damage.
The goblin hits you with a +0 dagger.
HP[-1]
You take 1 damage, and now have 8/11 hp.
You closely miss the goblin. You grab the goblin. You constrict the goblin.
The giant cockroach barely misses you. The frilled lizard barely misses you.
The goblin closely misses you. The giant cockroach closely misses you.
The goblin hits you with a +0 dagger.
* * * LOW HITPOINT WARNING * * *
The frilled lizard bites you.
* * * LOW HITPOINT WARNING * * *
You are too injured to fight recklessly!
You are too injured to fight recklessly!
HP[-7]
You take 7 damage, and now have 1/11 hp.
MASSIVE DAMAGE!! (PAUSE)
You are too injured to fight recklessly!
You are too injured to fight recklessly!
You are too injured to fight recklessly!
You are too injured to fight recklessly!
You are too injured to fight recklessly!
You are too injured to fight recklessly!
You are too injured to fight recklessly!
You are too injured to fight recklessly!
You are too injured to fight recklessly!
You are too injured to fight recklessly!
You are too injured to fight recklessly!
You are too injured to fight recklessly!
You release your grip on the goblin.
The goblin attacks as you move away! The goblin closely misses you.
The frilled lizard bites you.
You die...

Action                   || total
-------------------------++-------
Melee: Whip              ||     5
       Unarmed           ||     2
       Constrict         ||     2
 Cast: Sting             ||     1
Armor: Skin              ||     1
Dodge: Dodged            ||    10

Levels and vault maps discovered:
D:1:      psy_arrival_fountain, layout_loops_corners, minmay_tromino_i4

Notes
Turn   | Place    | Note
-------+----------+-------------------------------------------
     0 | D:1      | zeratav the Octopode Venom Mage began the quest for the
                  | Orb.
     0 | D:1      | Reached XP level 1. HP: 11/11 MP: 3/3
     0 | D:1      | magus.rc [v1.9.6]
   301 | D:1      | HP: 1/11 [frilled lizard (3)]
   302 | D:1      | Slain by a frilled lizard

Vanquished Creatures
  A bat (D:1)
  A kobold (D:1)
2 creatures vanquished.

Table legend:
 A = Non-vault XP
 B = Vault XP
 C = Vault XP percentage of total XP
 D = Non-vault monster count
 E = Vault monster count
 F = Vault count percentage of total count
                 A         B        C        D         E       F
            +---------+---------+-------+---------+---------+-------
      Total |       3 |       0 |   0.0 |       2 |       0 |   0.0
            +---------+---------+-------+---------+---------+-------
        D:1 |       3 |       0 |   0.0 |       2 |       0 |   0.0
            +---------+---------+-------+---------+---------+-------

Illustrated notes

Table legend:
 A = Kills in this place as a percentage of kills in entire the game.
 B = Kills by you in this place as a percentage of kills by you in the entire game.
 C = Kills by friends in this place as a percentage of kills by friends in the entire game.
 D = Other kills in this place as a percentage of other kills in the entire game.
 E = Experience gained in this place as a percentage of experience gained in the entire game.
 F = Experience gained in this place divided by the number of levels of this place that you have seen.
                   A       B       C       D       E      F
               +-------+-------+-------+-------+-------+----------------------
         Total | 100.0 | 100.0 |   N/A |   N/A | 100.0 |   3.0
       Dungeon | 100.0 | 100.0 |   N/A |   N/A | 100.0 |   3.0
               +-------+-------+-------+-------+-------+----------------------

Table legend: (Time is in decaauts)
 A = Elapsed time spent in this place.
 B = Non-inter-level travel time spent in this place.
 C = Inter-level travel time spent in this place.
 D = Time resting spent in this place.
 E = Time spent auto-exploring this place.
 F = Levels seen in this place.
 G = Mean time per level.
                   A        B        C        D        E       F      G
               +--------+--------+--------+--------+--------+-----+--------+
         Total |    302 |    302 |      0 |      0 |    279 |   1 |  302.0 |
       Dungeon |    302 |    302 |      0 |      0 |    279 |   1 |  302.0 |
               +--------+--------+--------+--------+--------+-----+--------+

Top non-repeatable levels by time:
     D:1: 302 daAuts
